 Dungeon Crawl Stone Soup version 0.20.0-15-g7f486f2 (webtiles) character file.

63 Monsterracer the Ruffian (level 3, 0/28 HPs)
             Began as a Draconian Transmuter on June 10, 2017.
             Succumbed to an adder's poison
             ... on level 2 of the Dungeon.
             The game lasted 00:05:29 (1743 turns).

Monsterracer the Ruffian (Draconian Transmuter)     Turns: 1743, Time: 00:05:30

Health: 0/28       AC:  5    Str: 10 (12) XL:     3   Next: 87%
Magic:  6/6        EV: 17    Int: 12 (14) God:
Gold:   103        SH:  0    Dex: 15 (16) Spells: 0/6 levels left

rFire    . . .     SeeInvis .     - Unarmed
rCold    . . .     Gourm    .   (no shield)
rNeg     . . .     Faith    .   (armour unavailable)
rPois    .         Spirit   .   (helmet restricted)
rElec    .         Reflect  .   (no cloak)
rCorr    .         Harm     .   (no gloves)
MR       .....                  (no boots)
Stlth    ++........             (no amulet)
Regen    0.1/turn               (no ring)
MPRegen  0.1/turn               (no ring)

@: agile, lethally poisoned (0 -> -2)
A: unfitting armour, cold-blooded, AC +5
a: no special abilities


You were on level 2 of the Dungeon.
You were not hungry.

You visited 1 branch of the dungeon, and saw 2 of its levels.

You collected 103 gold pieces.

Inventory:

Missiles
 a - 12 arrows
Wands
 k - a wand of random effects (36/48)
Scrolls
 e - a scroll of immolation {unknown}
 f - 3 scrolls of remove curse {unknown}
 g - a scroll of fog {unknown}
 i - a scroll of identify {unknown}
 j - 4 scrolls of enchant armour {unknown}
 l - a scroll of blinking {unknown}
 m - a scroll of amnesia {unknown}
Potions
 h - 2 potions of might
Books
 b - a book of Changes

   Spells                             Type                      Level
   a - Beastly Appendage              Transmutation                1
   b - Sticks to Snakes               Transmutation                2
   c - Spider Form                    Transmutation/Poison         3
   d - Ice Form                       Ice/Transmutation            4
   e - Blade Hands                    Transmutation                5
Comestibles
 c - 2 bread rations
 d - 4 meat rations
 n - 3 chunks of flesh


   Skills:
 - Level 1.1 Fighting
 - Level 1.7 Dodging
 + Level 4.8 Unarmed Combat
 - Level 2.0 Spellcasting
 - Level 2.0 Transmutations


You couldn't memorise any spells.
You knew the following spells:

 Your Spells              Type           Power        Failure   Level  Hunger
a - Beastly Appendage     Tmut           #.....       12%         1    ##.....
b - Sticks to Snakes      Tmut           #.......     19%         2    ###....
c - Spider Form           Tmut/Pois      #.........   47%         3    ####...


Dungeon Overview and Level Annotations

Branches:
Dungeon (2/15)

Altars:
Xom


Innate Abilities, Weirdness & Mutations

Your plain brown scales are hard. (AC +5)
You cannot fit into any form of body armour.
You are cold-blooded and may be slowed by cold attacks.


Message History

* * * LOW HITPOINT WARNING * * *
You feel sick.
* * * LOW HITPOINT WARNING * * *
You feel sick.
* * * LOW HITPOINT WARNING * * *
You feel sick.
You see here a white potion.
Okay, then.
o - a white potion
* * * LOW HITPOINT WARNING * * *
You feel sick.
It was a potion of agility.
You feel agile all of a sudden.
There is a lethal amount of poison in your body!
* * * LOW HITPOINT WARNING * * *
You feel sick.
* * * LOW HITPOINT WARNING * * *
You feel sick.
Unknown command.
You die...

##.#..........##.#..
#.##.#####.#..#....
#.##..##...........
#.###.##.#.####.... #.#
#.#..#.####.... #.#
#...#.......#.. #.#
#..............
#.####.............
###.@................
#...##.........##.###
#####.#....#..........###
#.......####............#
#.....#.# #.............
#.....#.# ......###..)
#.....#.# ####.###....
#.....#.# ####....<##.
#.....#.# #....#######


There were no monsters in sight!

Vanquished Creatures
  2 adders (D:2)
  2 leopard geckos
  2 giant cockroaches
  3 goblins
  6 hobgoblins
  9 jackals
  A quokka (D:2)
  2 ball pythons
  A bat (D:1)
  3 frilled lizards
  4 kobolds
  4 rats
39 creatures vanquished.

Notes
Turn   | Place    | Note
-------+----------+-------------------------------------------
     0 | D:1      | Monsterracer the Draconian Transmuter began the quest for the Orb.
     0 | D:1      | Reached XP level 1. HP: 16/16 MP: 3/3
   347 | D:1      | Reached XP level 2. HP: 23/23 MP: 5/5
   483 | D:1      | Learned a level 2 spell: Sticks to Snakes
   833 | D:1      | Reached skill level 4 in Unarmed Combat
  1041 | D:2      | Reached XP level 3. HP: 24/28 MP: 6/6
  1046 | D:2      | Learned a level 3 spell: Spider Form
  1242 | D:2      | Found a shimmering altar of Xom.
  1739 | D:2      | HP: 1/28 [poisoned by an adder]
  1743 | D:2      | Succumbed to an adder's poison

Skill      XL: |  1  2 |
---------------+-------+-----
Unarmed Combat | 4 |  4.8
Fighting       | |  1.1
Dodging        | |  1.7
Spellcasting   | |  2.0
Transmutations | |  2.0

Action                   || total
-------------------------++-------
Melee: Unarmed           ||   154
       Tailslap          ||     9
       Kick              ||     1
 Cast: Beastly Appendage ||     4
       Spider Form       ||     1
  Use: Potion            ||     3
  Eat: Chunk             ||     3
Armor: Skin              ||    50
Dodge: Dodged            ||   105
